 Dungeon Crawl Stone Soup version 0.28-a0-1233-g92def6ad0a (webtiles) character file.

Game seed: 14350887674489460062

3175 ChaosChampion the Conjurer (level 9, -1/71 HPs)
             Began as a Demigod Conjurer on Dec 23, 2021.
             Slain by a hornet (4 damage)
             ... on level 8 of the Dungeon.
             The game lasted 00:14:57 (9838 turns).

ChaosChampion the Conjurer (Demigod Conjurer)       Turns: 9838, Time: 00:14:58

Health: -1/71      AC:  5    Str:  4    XL:     9   Next: 37%
Magic:  4/21       EV: 33    Int: 32    God:
Gold:   1675       SH:  0    Dex: 15    Spells: 9/20 levels left

rFire   . . .      SeeInvis .   (no weapon)
rCold   + . .      Faith    .   (no shield)
rNeg    + + .      Spirit   .   a - +0 robe
rPois   .          Reflect  .   q - +2 helmet
rElec   .          Harm     .   I - scarf {shadows}
rCorr   .          Rampage  .   (no gloves)
Will    .....                   (no boots)
Stlth   ++........              v - amulet "Netul" {Acrobat Contam rC+ rN+ Regen+}
HPRegen 1.01/turn               j - ring of Jemuupri {rN+ EV+4 Str-4 Dex+3}
MPRegen 0.17/turn               (no ring)

@: acrobatic, slowed, very slow
A: high mp 1, forlorn, divine attributes
a: no special abilities


You were on level 8 of the Dungeon.
You visited 1 branch of the dungeon, and saw 8 of its levels.
You also visited: Ossuary.

You collected 1675 gold pieces.

Inventory:

Missiles
 h - 2 throwing nets
Armour
 a - a +0 robe (worn)
 q - a +2 helmet (worn)
 s - a +1 cloak
 I - a scarf of shadows (worn)
Jewellery
 c - a ring of ice
 j - the ring of Jemuupri (left hand) {rN+ EV+4 Str-4 Dex+3}
   (You acquired it on level 4 of the Dungeon)

   [ring of evasion]

   EV:        It affects your evasion (+4).
   Str:       It affects your strength (-4).
   Dex:       It affects your dexterity (+3).
   rN:        It protects you from negative energy.
 v - the amulet "Netul" (around neck) {Acrobat Contam rC+ rN+ Regen+}
   (You acquired it on level 5 of the Dungeon)

   [amulet of the acrobat]

   It increases your evasion while moving and waiting.
   rC:        It protects you from cold.
   rN:        It protects you from negative energy.
   Contam:    It causes magical contamination when unequipped.
   Regen:     It increases your rate of health regeneration.
Wands
 y - a wand of paralysis (21)
 C - a wand of polymorph (5)
 K - a wand of iceblast (6)
Scrolls
 e - 2 scrolls of teleportation
 f - 3 scrolls of blinking
 o - a scroll of vulnerability
 p - 2 scrolls of enchant weapon
 r - 2 scrolls of noise
 w - a scroll of magic mapping
 D - a scroll of immolation {unknown}
 E - a scroll of silence {unknown}
 F - 3 scrolls of identify
 G - a scroll of amnesia
 J - 2 scrolls of brand weapon {unknown}
Potions
 b - 4 potions of flight
 d - 3 potions of berserk rage {unknown}
 g - 2 potions of might {unknown}
 i - a potion of resistance
 k - 6 potions of attraction
 l - 3 potions of heal wounds {unknown}
 m - 2 potions of magic {unknown}
 n - 7 potions of curing
 t - a potion of cancellation {unknown}
 u - 3 potions of brilliance {unknown}
 x - a potion of invisibility {unknown}
 z - a potion of haste {unknown}
 A - a potion of ambrosia {unknown}
 B - a potion of lignification {unknown}
 H - a potion of mutation {unknown}


   Skills:
 + Level 4.1 Fighting
 + Level 4.6 Dodging
 - Level 1.7 Stealth
 + Level 6.0 Spellcasting
 + Level 7.3 Conjurations
 + Level 4.8 Hexes
 - Level 3.0 Translocations


You had 9 spell levels left.
You knew the following spells:

 Your Spells              Type           Power      Damage    Failure   Level
a - Magic Dart            Conj           100%       1d8       1%          1
b - Searing Ray           Conj           100%       2d8       1%          2
c - Fulminant Prism       Conj/Hex       24%        3d13      3%          4
d - Iskenderun's Mystic   Conj/Tloc      42%        2d10      5%          4

Your spell library contained the following spells:

 Spells                   Type           Power      Damage    Failure   Level
 Dazzling Flash           Conj/Hex       96%        N/A       1%          3
 Gell's Gravitas          Tloc           28%        N/A       4%          3
 Lesser Beckoning         Tloc           28%        N/A       4%          3
 Teleport Other           Tloc           28%        N/A       4%          3
 Corpse Rot               Necr/Air       18%        N/A       7%          2
 Passwall                 Tmut/Erth      7%         N/A       7%          2
 Poisonous Vapours        Pois/Air       18%        N/A       7%          2
 Scorch                   Fire           18%        2d5       7%          2
 Flame Wave               Conj/Fire      33%        2d7       10%         4
 Swiftness                Air            9%         N/A       14%         3
 Summon Cactus Giant      Summ           4%         N/A       100%        6


Dungeon Overview and Level Annotations

Branches:
Dungeon (8/15)             Temple (0/1) D:4         Ossuary (visited)
   Lair: D:8-11

Shops:
D:5 (   D:6 [*


Innate Abilities, Weirdness & Mutations

You have an increased reservoir of magic. (+10% MP)
You shall have no god before yourself.
Your divine heritage dramatically boosts your attributes as you level up.


Message History

Press: ? - help, Shift-Dir - straight line, f/p - hornet
Aim: a hornet (severely wounded, 74% to hit)
The searing ray misses the hornet. (Press . to maintain the ray.)
You feel very sick. The hornet stings you!
You feel yourself slow down. The hornet stings you!
You feel as though you will be slow longer.
The searing ray hits the hornet.
The hornet is severely wounded.
You feel very sick. The hornet misses you. The hornet completely misses you.
The searing ray misses the hornet.
You feel yourself speed up.
You feel sick. The hornet misses you. The hornet stings you!
You feel yourself slow down.
The searing ray misses the hornet.
You finish channelling your searing ray.
You feel yourself speed up.
You feel sick. The hornet closely misses you. The hornet misses you.
Casting: Searing Ray (safe; 1% risk of failure)
Confirm with . or Enter, or press ? or * to list all spells.
Aiming: Searing Ray (safe; 1% risk of failure)
Press: ? - help, Shift-Dir - straight line, f/p - hornet
Aim: a hornet (severely wounded, 74% to hit)
The searing ray hits the hornet.
The hornet is almost dead. (Press . to maintain the ray.)
You feel sick. The hornet stings you!
* * * LOW HITPOINT WARNING * * *
You suddenly lose the ability to move!
The hornet stings you!
* * * LOW HITPOINT WARNING * * *
You feel yourself slow down.
You can move again.
You feel yourself speed up.
You feel sick.
You are no longer poisoned.
The hornet stings you.
* * * LOW HITPOINT WARNING * * *
You feel yourself slow down. The hornet stings you.
You die...

#.# #.# #.# #.#
#.# #.# # #.#
####.#########.#
.....y@........#
..>..###########
####


You could see a hornet.

Vanquished Creatures
  Maggie (D:8)
  Grinder (D:3)
  The ghost of Astera the Gusty, an amateur TeAE of Vehumet (D:5)
  A vampire (D:7)
  2 water moccasins
  A black bear (D:5)
  2 ogres
  2 centaurs
  2 kobold brigands
  2 bullfrogs
  2 scorpions (D:5)
  A wyvern skeleton (D:5)
  A water moccasin skeleton (D:4)
  5 killer bees (D:6)
  5 wights (D:8)
  A centaur zombie (D:8)
  2 jellies (D:5)
  3 orc priests
  A bullfrog skeleton (D:5)
  Crazy Yiuf (D:3)
  2 centaur skeletons (D:7)
  Ijyb (D:5)
  3 iguanas
  3 orc wizards
  A killer bee zombie (D:7)
  A hound skeleton (D:4)
  9 mummies
  A howler monkey skeleton (D:4)
  6 gnolls
  9 adders
  4 white imps
  2 worms
  4 dart slugs
  16 orcs
  2 endoplasms
  2 giant cockroaches (D:2)
  2 gnoll zombies (Ossuary)
  3 goblins
  3 hobgoblins
  4 jackals (D:4)
  11 kobolds
  3 quokkas
  2 ball pythons
  2 bats (D:1)
  6 frilled lizards
  A hobgoblin zombie (Ossuary)
  A kobold zombie (Ossuary)
  4 orc zombies (Ossuary)
  4 rats
  3 fulminant prisms (D:8)
152 creatures vanquished.

Vanquished Creatures (others)
  A kobold (D:5)
  21 fulminant prisms
  6 plants (D:4)
28 creatures vanquished.

Grand Total: 180 creatures vanquished

Notes
Turn   | Place    | Note
-------+----------+-------------------------------------------
     0 | D:1      | ChaosChampion the Demigod Conjurer began the quest for the
                  | Orb.
     0 | D:1      | Reached XP level 1. HP: 14/14 MP: 5/5
   529 | D:1      | Reached XP level 2. HP: 15/20 MP: 0/7
   943 | D:2      | Reached skill level 4 in Conjurations
  1181 | D:2      | Reached XP level 3. HP: 26/26 MP: 3/9
  1659 | D:2      | Learned a level 2 spell: Searing Ray
  2518 | D:3      | Noticed Grinder
  2533 | D:3      | Paralysed by Grinder for 6 turns
  2691 | D:3      | Killed Grinder
  2692 | D:3      | Reached skill level 5 in Conjurations
  2692 | D:3      | Reached XP level 4. HP: 3/33 MP: 0/12
  2692 | D:3      | Reached XP level 5. HP: 4/38 MP: 0/13
  3018 | D:3      | Found a runed translucent door.
  3019 | D:3      | Noticed Crazy Yiuf
  3596 | D:3      | Killed Crazy Yiuf
  4145 | D:4      | Found a staircase to the Ecumenical Temple.
  4196 | D:4      | Learned a level 4 spell: Fulminant Prism
  4201 | D:4      | Learned a level 4 spell: Iskenderun's Mystic Blast
  4432 | D:4      | Reached XP level 6. HP: 45/45 MP: 8/15
  4836 | D:4      | Reached skill level 1 in Hexes
  5020 | D:5      | Entered Level 5 of the Dungeon
  5027 | D:5      | Found Okla's Weapon Boutique.
  5041 | D:5      | Reached skill level 1 in Translocations
  5221 | D:5      | Identified 3 scrolls of acquirement
  5221 | D:5      | Acquired the amulet "Netul" {Acrobat Contam rC+ rN+ Regen+}
  5289 | D:5      | Found a sand-covered staircase.
  5298 | Ossuary  | Entered an ossuary
  5342 | Ossuary  | Reached XP level 7. HP: 43/50 MP: 0/17
  5810 | D:5      | Reached skill level 6 in Conjurations
  5871 | D:5      | Noticed Ijyb
  5878 | D:5      | Reached skill level 1 in Fighting
  6079 | D:4      | Acquired 1004 gold pieces
  6086 | D:4      | Acquired the ring of Jemuupri {rN+ EV+4 Str-4 Dex+3}
  6290 | D:5      | Killed Ijyb
  6307 | D:5      | Reached XP level 8. HP: 60/60 MP: 7/18
  6394 | D:5      | Found a runed translucent gate.
  6395 | D:5      | Found a runed translucent gate.
  6395 | D:5      | Noticed Astera's ghost (amateur TeAE)
  6397 | D:5      | Found a runed translucent gate.
  6735 | D:5      | Reached skill level 5 in Spellcasting
  6741 | D:5      | Killed Astera's ghost
  7495 | D:6      | Found Qoqyukh's General Store.
  7677 | D:6      | Found Totauq's Antique Armour Shop.
  8585 | D:7      | Reached XP level 9. HP: 68/70 MP: 8/21
  8588 | D:7      | Reached skill level 7 in Conjurations
  9273 | D:8      | Noticed Maggie
  9625 | D:8      | Killed Maggie
  9831 | D:8      | Paralysed by a hornet for 1 turns
  9837 | D:8      | Paralysed by a hornet for 1 turns
  9838 | D:8      | HP: 3/71 [hornet (3)]
  9838 | D:8      | Slain by a hornet

Illustrated notes

Levels and vault maps discovered:
D:1:      dpeg_arrival_three_bigger_balls, layout_basic,
          minmay_misc_feat_secret_circle
D:2:      minmay_door_path, layout_loops_ring, basic_altar,
          dreamdust_ecumenical_altar_angels_and_demons,
          kennysheep_generic_room_9
D:3:      layout_basic, zin_scriptorium, kennysheep_donut,
          chequers_decorated_corner, uniq_grinder, uniq_crazy_yiuf_cottage
D:4:      wad_lake_hut, layout_rooms, minmay_temple_entry_hall
D:5:      layout_rooms, mainiacjoe_overflow_boulevard, serial_shops,
          nicolae_shop_waterfront, gup_ossuary_entry_pyramid,
          gammafunk_ghost_nasty_kobolds, hangedman_decor_growths, minivault_26,
          minmay_misc_feat_rugged, st_stairs_3, minmay_misc_feat_five, uniq_ijyb
D:6:      layout_gridville, serial_shops, nicolae_take_the_stairs, shop
D:7:      layout_cave_pools, st_stairs_3, uniq_joseph
D:8:      layout_loops_ring, uniq_pikel, uniq_prince_ribbit1, uniq_maggie

Skill      XL: |  1  2  3  4  5  6  7  8  9 |
---------------+----------------------------+-----
Spellcasting   | 2 3 4 5 6 |  6.0
Conjurations   | 4 5 6 7 |  7.3
Hexes          | 1 2 4 |  4.8
Translocations | 1 3 |  3.0
Dodging        | 2 4 |  4.6
Fighting       | 1 3 4 |  4.1
Stealth        | |  1.7

Action                   |  1- 3 |  4- 6 |  7- 9 || total
-------------------------+-------+-------+-------++-------
Melee: Unarmed           |     1 |     4 |     9 ||    14
 Cast: Magic Dart        |    88 |    46 |    49 ||   183
       Searing Ray       |     5 |    11 |    50 ||    66
       Iskenderun's Myst |       |     5 |     8 ||    13
       Fulminant Prism   |       |     2 |    22 ||    24
  Use: Scroll            |       |    14 |     4 ||    18
Armor: Robe              |     6 |     3 |    10 ||    19
Dodge: Dodged            |     9 |    18 |    70 ||    97

Table legend: (Time is in decaauts)
 A = Elapsed time spent in this place.
 B = Non-inter-level travel time spent in this place.
 C = Inter-level travel time spent in this place.
 D = Time resting spent in this place.
 E = Time spent auto-exploring this place.
 F = Levels seen in this place.
 G = Mean time per level.
                   A        B        C        D        E       F      G
               +--------+--------+--------+--------+--------+-----+--------+
         Total |   9890 |   9674 |    216 |   1886 |   6453 |   9 | 1098.9 |
       Dungeon |   9405 |   9189 |    216 |   1633 |   6354 |   8 | 1175.6 |
       Ossuary |    485 |    485 |      0 |    253 |     99 |   1 |  485.0 |
               +--------+--------+--------+--------+--------+-----+--------+

Top non-repeatable levels by time:
     D:4: 1866 daAuts
     D:3: 1489 daAuts
     D:2: 1329 daAuts
     D:6: 1245 daAuts
     D:7: 1122 daAuts
     D:5: 966 daAuts
     D:1: 908 daAuts
 Ossuary: 485 daAuts
     D:8: 476 daAuts
